Map: Efflorescence LE

Players

qqq - Winner!

  • Race: Zerg Zerg
  • League: Platinum
  • Spawn Location: 6:00

Massa - Winner!

  • Race: Terran Terran
  • League: Platinum
  • Spawn Location: 9:00

DENISQA

  • Race: Protoss Protoss
  • League: Diamond
  • Spawn Location: 3:00

POTOP

  • Race: Terran Terran
  • League: Diamond
  • Spawn Location: 12:00

VOD

Have the link to the VOD?

Description

Time

  • Played on: Jan. 25, 2021, 12:23 p.m.
  • Length: 5:03
Show
View Real Time Build Order
Export as new Build Order

qqq Zerg - Winner!

Build Orders: Hatch First 

Get SALT Encoding   

  12  0:02  Drone  
  13  0:18  Drone  
  14  0:30  Overlord  
  14  0:46  Hatchery  
  13  0:50  Drone  
  13  0:54  Drone  
  15  0:59  Drone  
  16  1:23  Drone  
  17  1:25  Spawning Pool  
  17  1:26  Drone  
  17  1:27  Drone, Extractor  
  17  1:35  Drone  
  18  1:51  Drone  
  19  2:01  Drone  
  20  2:03  Drone  
  21  2:13  Drone, Queen  
  21  2:14  Queen  
  25  2:16  Drone  
  26  2:23  Overlord  
  26  2:25  Drone  
  27  2:32  Overlord  
  27  2:35  Drone  
  28  2:43  Metabolic Boost, Zergling x2  
  29  2:47  Drone  
  29  2:50  Zergling x2  
  31  3:00  Zergling x2  
  31  3:01  Zergling x2  
  31  3:04  Overlord  
  33  3:09  Lair  
  33  3:11  Zergling x2  
  34  3:25  Zergling x2  
  34  3:26  Zergling x4  
  37  3:32  Zergling x6  
  40  3:40  Zergling x4  
  42  4:09  Zergling x10  
  47  4:10  Drone x2, Hatchery, Zergling x2  
  47  4:11  Zergling x2  
  47  4:15  Zergling x2  
  47  4:16  Zergling x2  
  51  4:40  Zergling x2, Overlord  
  51  4:41  Overlord x2  
  51  4:45  Spire  
Show
View Real Time Build Order
Export as new Build Order

Massa Terran - Winner!

Build Orders:  

Get SALT Encoding   

  12  0:00  SCV  
  13  0:12  SCV  
  14  0:18  Supply Depot  
  14  0:24  SCV  
  15  0:39  SCV  
  15  0:40  Barracks  
  16  0:47  Refinery  
  16  0:51  SCV  
  17  0:58  Supply Depot  
  17  1:04  SCV  
  18  1:14  Barracks  
  18  1:28  SCV  
  19  1:41  Barracks Tech Lab  
  19  1:44  Orbital Command  
  19  1:50  Barracks  
  20  2:03  Marine  
  20  2:04  Marine  
  21  2:08  Stimpack  
  21  2:21  Marauder  
  21  2:22  Marine  
  24  2:34  Supply Depot  
  24  2:37  Marine  
  24  2:40  Marine  
  24  2:42  Marauder  
  28  2:55  Marine  
  28  2:57  Marine  
  30  3:04  Marauder  
  32  3:13  Marine  
  32  3:15  Marine  
  34  3:25  Marauder  
  36  3:30  Marine  
  36  3:33  Marine  
  38  3:40  Supply Depot  
  38  3:43  Supply Depot  
  38  3:48  Marine  
  39  4:01  Marine  
  39  4:02  Marauder  
  42  4:06  Marine  
  43  4:18  Command Center  
  43  4:19  Marine  
  43  4:23  Marauder  
  41  4:42  Marine  
  41  4:43  Marine  
Show
View Real Time Build Order
Export as new Build Order

DENISQA Protoss 

Build Orders: Nexus First 

Get SALT Encoding   

  12  0:01  Probe  
  13  0:15  Probe  
  13  0:21  Pylon  
  14  0:27  Probe  
  15  0:39  Probe  
  16  0:51  Probe  
  17  1:04  Nexus  
  17  1:13  Probe (Chrono Boost)  
  18  1:23  Gateway  
  18  1:28  Probe (Chrono Boost)  
  19  1:33  Assimilator  
  19  1:36  Probe (Chrono Boost)  
  20  1:41  Assimilator  
  20  1:49  Probe  
  20  1:52  Pylon  
  21  2:01  Probe  
  22  2:13  Cybernetics Core  
  23  2:16  Probe (Chrono Boost)  
  23  2:17  Probe (Chrono Boost)  
  24  2:26  Probe x2 (Chrono Boost)  
  26  2:31  Probe (Chrono Boost)  
  26  2:35  Probe (Chrono Boost)  
  28  2:43  Probe (Chrono Boost)  
  30  2:47  Probe (Chrono Boost)  
  30  2:48  Probe (Chrono Boost)  
  31  2:52  Stargate  
  31  2:53  Adept  
  31  2:55  Probe  
  34  3:00  Probe  
  35  3:07  Probe  
  35  3:10  Stargate  
  36  3:13  Probe  
  36  3:15  Assimilator  
  36  3:19  Pylon  
  38  3:20  Probe  
  38  3:25  Probe  
  39  3:29  Void Ray (Chrono Boost)  
  39  3:34  Probe  
  44  3:43  Probe  
  45  3:48  Probe  
  45  3:51  Pylon, Assimilator  
  45  3:53  Pylon  
  46  4:00  Void Ray  
  46  4:07  Shield Battery x2  
  50  4:15  Probe x2  
Show
View Real Time Build Order
Export as new Build Order

POTOP Terran 

Build Orders: Reaper Expand 

Get SALT Encoding   

  12  0:00  SCV  
  13  0:12  SCV  
  14  0:19  Supply Depot  
  14  0:24  SCV  
  15  0:40  SCV  
  15  0:41  Barracks  
  16  0:45  Refinery  
  16  0:52  SCV  
  17  1:05  SCV  
  18  1:17  SCV  
  19  1:30  Reaper  
  19  1:32  Orbital Command  
  20  1:50  Command Center  
  20  1:59  SCV  
  21  2:08  Marine  
  22  2:10  Supply Depot  
  22  2:17  SCV  
  22  2:20  Factory  
  23  2:25  Refinery  
  23  2:28  Barracks Reactor  
  23  2:31  SCV  
  24  2:46  Supply Depot  
  24  2:48  SCV  
  25  3:04  Orbital Command  
  25  3:05  SCV  
  25  3:08  Starport  
  26  3:15  Hellion x2  
  26  3:17  SCV  
  31  3:27  Supply Depot  
  31  3:32  SCV  
  31  3:33  SCV  
  33  3:34  Marine  
  33  3:40  Hellion  
  36  3:45  SCV  
  37  3:59  SCV  
  38  4:05  Liberator  
  43  4:10  Widow Mine x2  
  43  4:11  Marine  
  43  4:14  SCV x2  
  47  4:21  Bunker  
  37  4:38  SCV x2  
  39  4:50  SCV  
Tags
 
Add a new tag
Caveats
  • Supply blocks, unpowered buildings, or Contaminate may cause inaccurate times.
  • Supply counts are checked every 10 seconds.